 Dungeon Crawl Stone Soup version 0.22-a0-303-g4a852b3 (webtiles) character file.

12295 Amnesiac the Zephyrmancer (level 11, -12/91 HPs)
             Began as a Tengu Air Elementalist on Mar 27, 2018.
             Was a High Priest of Sif Muna.
             Hit by a javelin thrown by a minotaur (22 damage)
             ... in a labyrinth.
             The game lasted 00:28:10 (12653 turns).

Amnesiac the Zephyrmancer (Tengu Air Elementalist) Turns: 12653, Time: 00:28:12

Health: -12/91     AC: 21    Str:  8    XL:     11   Next: 91%
Magic:  0/28       EV:  2    Int: 24    God:    Sif Muna [*****.]
Gold:   425        SH:  0    Dex: 19    Spells: 21/35 levels left

rFire    + . .     SeeInvis .   A - +7 dagger of Aho Agra {pierce, *Corrode Int+5 Dex+4}
rCold    . . .     Gourm    .   (no shield)
rNeg     + + +     Faith    .   (armour currently unavailable)
rPois    +         Spirit   .   (helmet currently unavailable)
rElec    .         Reflect  .   (cloak currently unavailable)
rCorr    +         Harm     .   (gloves currently unavailable)
MR       .....     NoTele   +   (boots unavailable)
Stlth    ++........             (no amulet)
HPRegen  0.25/turn              q - ring of resist corrosion
MPRegen  0.21/turn              z - ring of protection from fire

@: tree-form, corroded, no casting
A: able to fly 1
a: Fly, Stop Divine Energy, Channel Magic, Forget Spell, Renounce Religion


You were in a labyrinth.
You worshipped Sif Muna.
Sif Muna was extremely pleased with you.
You were hungry.
You were a tree.
You visited 2 branches of the dungeon, and saw 12 of its levels.
You also visited: Labyrinth.

You collected 625 gold pieces.
You spent 200 gold pieces at shops.

Inventory:

Hand Weapons
 A - the +7 dagger of Aho Agra (weapon) {pierce, *Corrode Int+5 Dex+4}
   (You found it on level 8 of the Dungeon)

   It inflicts extra damage upon your enemies.
   It affects your intelligence (+5).
   It affects your dexterity (+4).
   It may corrode you when you take damage.
 B - a +2 short sword of electrocution
Armour
 a - a +1 robe (melded)
Jewellery
 q - a ring of resist corrosion (left branch)
 z - a ring of protection from fire (right branch)
Wands
 e - a wand of digging (21)
 p - a wand of disintegration (12)
 u - a wand of acid (7)
 x - a wand of iceblast (10)
 y - a wand of paralysis (11)
Scrolls
 d - a scroll of amnesia {!r}
 f - 2 scrolls of teleportation {!r}
 j - 2 scrolls of enchant armour {!r}
 m - 8 scrolls of remove curse {!r}
 o - 4 scrolls of fog {!r}
 r - a scroll of blinking {!r}
 v - 2 scrolls of enchant weapon {!r}
 w - 5 scrolls of identify {!r}
Potions
 h - 2 potions of brilliance {!q}
 i - 3 potions of agility {!q}
 l - 3 potions of haste {!q}
 s - 2 potions of flight {!q}
 t - a potion of lignification {!q}
Comestibles
 c - 14 rations


   Skills:
 - Level 4.2 Fighting
 - Level 7.3 Dodging
 - Level 2.0 Stealth
 * Level 12.6 Spellcasting
 - Level 1.3 Conjurations
 + Level 12.9 Air Magic


You had 21 spell levels left.
You knew the following spells:

 Your Spells              Type           Power        Failure   Level  Hunger
a - Airstrike             Air            ######....   1%          4    None
d - Lightning Bolt        Conj/Air       #####.....   6%          5    ###....
e - Mephitic Cloud        Conj/Pois/Air  #####...     1%          3    None
v - Blink                 Tloc           N/A          6%          2    None


Dungeon Overview and Level Annotations

Branches:
Dungeon (11/15)            Temple (1/1) D:7            Lair (0/6) D:9
    Orc: D:9-12

Altars:
Ashenzari
Cheibriados
Elyvilon
Fedhas
Hepliaklqana
Kikubaaqudgha
Makhleb
Nemelex Xobeh
Okawaru
Ru
Sif Muna
Trog
Uskayaw
Vehumet
Wu Jian
Yredelemnul
Zin
The Shining One

Shops:
D:4 (   D:7 }%(:=

Portals:
Trove: D:10 (show slimy rune of Zot)


Innate Abilities, Weirdness & Mutations

((You have a beak for a mouth.))
((You have claws for feet.))
You can fly.


Message History

Casting: Lightning Bolt (safe; 6% risk of failure)
Confirm with . or Enter, or press ? or * to list all spells.
Aiming: Mephitic Cloud (safe; 1% risk of failure)
Press: ? - help, Shift-Dir - straight line, f/p - minotaur
Aim: a minotaur, wearing a plate armour (heavily wounded)
The ball explodes into a vile cloud!
The stinking cloud engulfs the minotaur.
The minotaur is heavily wounded.
Sif Muna grants you divine energy.
You briefly lose access to your magic!
The minotaur is engulfed in noxious fumes.
The minotaur throws a javelin.
The javelin hits you!
* * * LOW HITPOINT WARNING * * *
Really quaff
g - 4 potions of curing {!q}?
You feel better.
The minotaur is engulfed in noxious fumes.
The minotaur throws a javelin.
The javelin hits you!
* * * LOW HITPOINT WARNING * * *
Really quaff
g - 3 potions of curing {!q}?
You feel better.
The minotaur is engulfed in noxious fumes.
The minotaur appears confused.
Really quaff
g - 2 potions of curing {!q}?
Okay, then.
You are unable to access your magic!
Okay, then.
Unknown command.
Really quaff
g - 2 potions of curing {!q}?
You feel better.
You regain access to your magic.
The minotaur is engulfed in noxious fumes.
Casting: Mephitic Cloud (safe; 1% risk of failure)
Confirm with . or Enter, or press ? or * to list all spells.
Aiming: Airstrike (safe; 1% risk of failure)
Press: ? - help, Dir - move target cursor, f/p - minotaur
Aim: a minotaur, wearing a plate armour (noxious fumes, heavily wounded, confused)
The air twists around and strikes the minotaur!
The minotaur is heavily wounded.
Sif Muna grants you divine energy.
You briefly lose access to your magic!
The minotaur is engulfed in noxious fumes.
Really quaff
g - a potion of curing {!q}?
You feel better.
Okay, then.
The minotaur seems less confused.
The minotaur throws a javelin.
The javelin hits you!
* * * LOW HITPOINT WARNING * * *
Your corrosive artefact corrodes you!
The minotaur throws a javelin.
The javelin hits you!
* * * LOW HITPOINT WARNING * * *
You regain access to your magic.
The minotaur throws a javelin.
The javelin hits you!
* * * LOW HITPOINT WARNING * * *
Casting: Airstrike (safe; 1% risk of failure)
Confirm with . or Enter, or press ? or * to list all spells.
Aiming: Airstrike (safe; 1% risk of failure)
Press: ? - help, Dir - move target cursor, f/p - minotaur
Aim: a minotaur, wearing a plate armour (heavily wounded)
The air twists around and strikes the minotaur!
The minotaur is severely wounded.
Sif Muna grants you divine energy.
You briefly lose access to your magic!
The minotaur throws a javelin.
The javelin hits you!!
You die...

### ## ...
#.#
#H#####.##
#
.<.#.#.#...
#.#.#.#.#
#.♣.....#
###(###.#
#...#.#.#
##.# # # .#
...# .. .#
# . ## ###
.# .. .#.#
......
######.
#### #####
# . .. .
.#. ....#


You could see a minotaur.

Vanquished Creatures
  A two-headed ogre (D:8)
  3 death yaks (D:9)
  A manticore (D:11)
  Joseph (D:8)
  Psyche (D:8)
  The ghost of tsouns the Magician, a novice FeIE of Vehumet (D:9)
  The ghost of CasualChangeling the Bolt Thrower, a novice KoHu of Trog (D:3)
  Grinder (D:3)
  Prince Ribbit (D:8)
  2 centaur simulacra (D:11)
  A hippogriff (D:10)
  A vampire (D:10)
  12 yaks
  10 humans
  A steam dragon (D:8)
  An ice beast (D:11)
  7 orc warriors
  2 phantoms
  A black bear (D:9)
  A sky beast (D:8)
  2 wolves
  7 ogres
  4 centaurs
  7 bullfrogs
  A scorpion (D:7)
  A howler monkey (D:5)
  A crimson imp (D:8)
  2 centaur zombies
  A bullfrog zombie (D:10)
  A quasit (D:6)
  6 hounds
  4 jellies
  3 orc wizards
  7 orc priests
  A bullfrog skeleton (D:11)
  2 iguanas
  7 worker ants
  2 hell rats (D:9)
  The ghost of 4thArraOfDagon the Grave Robber, a weakling DgNe (D:4)
  A worker ant zombie (D:9)
  9 adders
  2 river rats (D:9)
  3 shadow imps (D:5)
  A white imp (D:11)
  A worker ant simulacrum (D:11)
  2 ufetubi (D:11)
  An ooze (D:1)
  2 worms
  A dart slug (D:1)
  3 leopard geckos
  50 orcs
  7 giant cockroaches
  5 goblins
  7 hobgoblins (D:1)
  14 jackals
  7 kobolds
  6 quokkas
  A ball python (D:2)
  11 bats
  4 frilled lizards
  A giant cockroach zombie (D:5)
  A quokka skeleton (D:4)
  A quokka zombie (D:7)
  6 rats
257 creatures vanquished.

Notes
Turn   | Place    | Note
-------+----------+-------------------------------------------
     0 | D:1      | Amnesiac the Tengu Air Elementalist began the quest for the Orb.
     0 | D:1      | Reached XP level 1. HP: 10/10 MP: 4/4
    80 | D:1      | Reached XP level 2. HP: 6/15 MP: 0/6
   403 | D:1      | Reached skill level 5 in Air Magic
   413 | D:1      | Reached XP level 3. HP: 9/19 MP: 0/7
  1251 | D:2      | Found a faded altar of an unknown god.
  1271 | D:2      | Reached XP level 4. HP: 24/24 MP: 3/9
  1347 | D:2      | Learned a level 4 spell: Airstrike
  1623 | D:2      | Gained mutation: You can fly. [Tengu growth]
  1623 | D:2      | Reached XP level 5. HP: 23/28 MP: 2/10
  1790 | D:3      | Noticed Grinder
  1803 | D:3      | Killed Grinder
  1803 | D:3      | Reached XP level 6. HP: 8/32 MP: 0/12
  2022 | D:3      | Noticed CasualChangeling's ghost (novice KoHu)
  2307 | D:3      | Killed CasualChangeling's ghost
  2307 | D:3      | Reached skill level 5 in Spellcasting
  2307 | D:3      | Reached XP level 7. HP: 29/36 MP: 0/16
  2831 | D:2      | Found a shattered altar of Ashenzari.
  2893 | D:4      | Noticed 4thArraOfDagon's ghost (weakling DgNe)
  2895 | D:4      | Killed 4thArraOfDagon's ghost
  3025 | D:4      | Reached skill level 1 in Fighting
  3350 | D:4      | Found a bloodstained altar of Trog.
  3384 | D:4      | Found Xaeheat's Weapon Emporium.
  3586 | D:5      | Entered Level 5 of the Dungeon
  3691 | D:5      | Reached XP level 8. HP: 44/44 MP: 4/17
  4163 | D:5      | Found a blossoming altar of Fedhas.
  4252 | D:5      | Found an ancient bone altar of Kikubaaqudgha.
  4252 | D:5      | Found a snail-covered altar of Cheibriados.
  4254 | D:5      | Found a sacrificial altar of Ru.
  4254 | D:5      | Found a white marble altar of Elyvilon.
  4597 | D:5      | Reached skill level 5 in Dodging
  5350 | D:6      | Reached XP level 9. HP: 52/52 MP: 6/19
  5817 | D:6      | Found a glowing golden altar of the Shining One.
  5905 | D:7      | Found Cuirojap's Gadget Shop.
  5966 | D:7      | Found Yroirr's Food Shoppe.
  6135 | D:7      | Found a runed door.
  6154 | D:7      | Found Ivysk's Weapon Shop.
  6213 | D:7      | Found Puoseops's Book Emporium.
  6217 | D:7      | Bought a book of Minor Magic for 200 gold pieces
  6220 | D:7      | Learned a level 2 spell: Blink
  6226 | D:7      | Learned a level 5 spell: Lightning Bolt
  6230 | D:7      | Learned a level 3 spell: Mephitic Cloud
  6316 | D:7      | Found a runed door.
  6430 | D:7      | Found Porebani's Jewellery Boutique.
  6542 | D:7      | Found a staircase to the Ecumenical Temple.
  6637 | Temple   | Entered the Ecumenical Temple
  6723 | Temple   | Became a worshipper of Sif Muna the Loreminder
  6935 | D:7      | Found a runed door.
  7192 | D:7      | Found a runed door.
  7549 | D:7      | Reached * piety under Sif Muna
  7636 | D:6      | Reached XP level 10. HP: 26/57 MP: 0/23
  8144 | D:6      | Reached ** piety under Sif Muna
  8144 | D:6      | Reached skill level 10 in Air Magic
  8350 | D:7      | Found a runed door.
  8359 | D:7      | Found a runed door.
  8423 | D:7      | Found a runed door.
  8428 | D:7      | Found a runed door.
  8518 | D:8      | Noticed a two-headed ogre
  8526 | D:8      | Killed a two-headed ogre
  8526 | D:8      | Reached skill level 10 in Spellcasting
  8837 | D:8      | Noticed Prince Ribbit
  8849 | D:8      | Killed Prince Ribbit
  8873 | D:8      | Got an ebony dagger
  8906 | D:8      | Noticed Joseph
  8994 | D:8      | Killed Joseph
  9194 | D:8      | Reached *** piety under Sif Muna
  9273 | D:8      | Noticed Psyche
  9289 | D:8      | Killed Psyche
  9478 | D:8      | Reached XP level 11. HP: 61/61 MP: 17/26
  9772 | D:9      | Noticed tsouns's ghost (novice FeIE)
  9774 | D:9      | Killed tsouns's ghost
 10233 | D:9      | Noticed a death yak
 10243 | D:9      | Noticed a death yak
 10248 | D:9      | Killed a death yak
 10253 | D:9      | Noticed a death yak
 10279 | D:9      | Killed a death yak
 10322 | D:9      | Killed a death yak
 10322 | D:9      | Reached **** piety under Sif Muna
 10602 | D:9      | Found a staircase to the Lair.
 10952 | D:9      | Identified the +7 dagger of Aho Agra {pierce, *Corrode Int+5 Dex+4} (You found it on level 8 of the Dungeon)
 10954 | D:10     | Entered Level 10 of the Dungeon
 11946 | D:10     | Found a portal to a secret trove of treasure.
 12016 | D:11     | Noticed a manticore
 12020 | D:11     | Killed a manticore
 12254 | D:10     | Reached ***** piety under Sif Muna
 12368 | D:11     | Found a labyrinth entrance.
 12379 | Lab      | Entered a labyrinth
 12625 | Lab      | Noticed a minotaur
 12638 | Lab      | HP: 2/91 [minotaur/javelin (25)]
 12653 | Lab      | Hit by a javelin thrown by a minotaur

Vault maps used:
D:1:      grunt_arrival_lava_bath
D:2:      lemuel_upstairs_altar, chequers_ecumenical_altar_simple
D:3:      uniq_grinder
D:4:      serial_shops, nicolae_shop_stone, first_ration, bloody_trog
D:5:      grunt_temple_overflow_open
D:6:      overflow_temple_1_default
D:7:      erik_cavepeople, minmay_temple_entry_poolview, serial_shops,
          nicolae_shop_trees, shop_fountains, shop, nicolae_shop_stone,
          nicolae_shop_window_shopping
D:8:      uniq_prince_ribbit1, uniq_psyche, uniq_joseph
D:9:      dpeg_lair_monsters
D:10:     enter_trove_2
D:11:     lab_entry_generic, serial_shops, shop, serial_ice, serial_ice_d,
          serial_ice_b, serial_ice_g, serial_ice_c, serial_ice_o, serial_ice_n,
          serial_ice_m, serial_ice_k, nicolae_transmutations_shop
Temple:   eino_temple_rhombus
Lab:      nicolae_lab_quarters, labyrinth_glass_1

Skill      XL: |  1  2  3  4  5  6  7  8  9 10 11 |
---------------+----------------------------------+-----
Air Magic      | 5 6 8 9 11 12 | 12.9
Spellcasting   | 3 5 6 8 10 12 | 12.6
Fighting       | 1 3 4 |  4.2
Dodging        | 3 6 7 |  7.3
Stealth        | |  2.0
Conjurations   | |  1.3

Action                   |  1- 3 |  4- 6 |  7- 9 | 10-12 || total
-------------------------+-------+-------+-------+-------++-------
Melee: Unarmed           |    19 |     2 |       |       ||    21
       Kick              |     2 |       |     8 |     6 ||    16
       Peck              |     2 |       |     5 |     3 ||    10
       Dagger            |       |       |     5 |    27 ||    32
       Short sword       |       |       |    26 |    15 ||    41
 Cast: Shock             |    73 |    49 |    65 |     1 ||   188
       Airstrike         |       |     7 |   112 |   256 ||   375
       Lightning Bolt    |       |       |       |    15 ||    15
       Blink             |       |       |       |     3 ||     3
       Mephitic Cloud    |       |       |       |     2 ||     2
Invok: Divine Energy     |       |       |     1 |       ||     1
 Abil: Fly               |       |       |     1 |     1 ||     2
Evoke: Wand              |       |       |       |     1 ||     1
  Use: Scroll            |       |       |     6 |    10 ||    16
       Potion            |       |       |       |    15 ||    15
  Eat: Chunk             |     1 |     3 |    26 |    22 ||    52
       Ration            |       |     1 |     1 |     1 ||     3
Armor: Robe              |     3 |     7 |     3 |     5 ||    18
       Skin              |       |       |       |    28 ||    28
Dodge: Dodged            |    19 |    13 |    47 |   127 ||   206

Table legend:
 A = Spawn XP
 B = Non-spawn XP
 C = Spawn XP percentage of total XP
 D = Spawn monster count
 E = Non-spawn monster count
 F = Spawn count percentage of total count
 G = Total turns spent on level
                    A         B        C        D         E        F      G
               +---------+---------+-------+---------+---------+-------+---------
         Total |       0 |   17565 |   0.0 |       0 |     257 |   0.0 | 12653
               +---------+---------+-------+---------+---------+-------+---------
           D:1 |       0 |      72 |   0.0 |       0 |      37 |   0.0 |  1191
           D:2 |       0 |     120 |   0.0 |       0 |      18 |   0.0 |   742
           D:3 |       0 |     725 |   0.0 |       0 |      17 |   0.0 |   957
           D:4 |       0 |     231 |   0.0 |       0 |       8 |   0.0 |   696
           D:5 |       0 |     511 |   0.0 |       0 |      20 |   0.0 |  1264
           D:6 |       0 |    2089 |   0.0 |       0 |      26 |   0.0 |  1532
           D:7 |       0 |    2583 |   0.0 |       0 |      21 |   0.0 |  2023
           D:8 |       0 |    3759 |   0.0 |       0 |      33 |   0.0 |  1533
           D:9 |       0 |    3954 |   0.0 |       0 |      27 |   0.0 |   913
          D:10 |       0 |    1760 |   0.0 |       0 |      37 |   0.0 |  1163
          D:11 |       0 |    1761 |   0.0 |       0 |      13 |   0.0 |   262
               +---------+---------+-------+---------+---------+-------+---------
